 Dungeon Crawl Stone Soup version 0.17.0-28-g6e173f8 (webtiles) character file.

132 coffecat the Chopper (level 4, 0/41 HPs)
             Began as a Minotaur Berserker on Nov 27, 2015.
             Was a Believer of Trog.
             Slain by Grinder (3 damage)
             ... while paralysed by Grinder
             ... on level 3 of the Dungeon.
             The game lasted 00:05:44 (1199 turns).

coffecat the Chopper (Minotaur Berserker)           Turns: 1199, Time: 00:05:44

Health: 0/41       AC:  5    Str: 22    XL:     4   Next: 92%
Magic:  3/3        EV:  2    Int:  4    God:    Trog [**....]
Gold:   70         SH:  0    Dex: 10    Spells: 0 memorised, 3 levels left

rFire  . . .     SeeInvis .     a - +0 hand axe
rCold  . . .     Clarity  .     l - +0 ring mail
rNeg   . . .     SustAt   .     (no shield)
rPois  .         Gourm    .     (helmet restricted)
rElec  .         Spirit   .     (no cloak)
rCorr  .         Warding  .     (no gloves)
rMut   .         Stasis   .     (no boots)
MR     .....                    (no amulet)
Stlth  ..........               (no ring)
                                (no ring)

@: paralysed, not resistant to hostile enchantments, extremely unstealthy
A: retaliatory headbutt, horns 2
a: Berserk, Trog's Hand, Burn Spellbooks, Renounce Religion


You were on level 3 of the Dungeon.
You worshipped Trog.
Trog was pleased with you.
You were not hungry.

You visited 1 branch of the dungeon, and saw 3 of its levels.

You collected 70 gold pieces.

Inventory:

Hand Weapons
 a - a +0 hand axe (weapon)
Missiles
 j - 2 tomahawks (quivered)
Armour
 b - a +0 animal skin
 l - a +0 ring mail (worn)
Scrolls
 e - a scroll of teleportation {unknown}
 g - 4 scrolls of identify {unknown}
 m - 2 scrolls of noise {unknown}
Potions
 d - a potion of lignification {unknown}
 h - a potion of might {unknown}
 n - 2 potions of degeneration {unknown}
Comestibles
 c - a bread ration
 f - 2 slices of pizza
 i - a beef jerky
 k - 2 meat rations


   Skills:
 + Level 4.6 Fighting
 + Level 4.6 Axes
 * Level 1.2 Throwing
 + Level 2.9 Armour
 + Level 3.6 Dodging


You had 3 spell levels left.
You didn't know any spells.

Dungeon Overview and Level Annotations

Branches:
Dungeon (3/15)

Altars:
Fedhas
Gozag

Annotations:
D:3 Grinder


Innate Abilities, Weirdness & Mutations

You reflexively headbutt those who attack you in melee.
You have a pair of horns on your head.


Message History

You barely miss Grinder. Your headbutt misses Grinder.
Grinder is moderately wounded.
Grinder barely misses you.
You barely miss Grinder.
Grinder is moderately wounded.
Grinder hits you.
You writhe in agony.
You hit Grinder but do no damage. Your headbutt misses Grinder.
Grinder is moderately wounded.
Grinder gestures at you.
You suddenly lose the ability to move!
Grinder gestures at you. Pain shoots through your body!
* * * LOW HITPOINT WARNING * * *
Grinder gestures at you.
You shrug off the repeated paralysis!
Grinder hits you but does no damage. Grinder hits you.
* * * LOW HITPOINT WARNING * * *
You writhe in agony.
You die...

..........<..........#
.....................#
................<....#
.....................#
.....................#
........................
.........)†.............
............†...........
#############@#########+
#...†5.....#
#..........#
#..........#
#.........$#
#..........#
#..........#
#.....%....#


You could see Grinder.

Vanquished Creatures
  An orc wizard (D:3)
  An orc priest (D:3)
  Terence (D:3)
  2 adders
  2 giant geckos (D:3)
  An orc (D:3)
  A ball python (D:1)
  7 bats
  4 kobolds (D:2)
  A quokka (D:2)
  2 giant cockroaches
  5 giant newts
  A goblin (D:2)
  3 rats
32 creatures vanquished.

Notes
Turn   | Place    | Note
--------------------------------------------------------------
     0 | D:1      | coffecat the Minotaur Berserker began the quest for the Orb.
     0 | D:1      | Reached XP level 1. HP: 19/19 MP: 0/0
   212 | D:2      | Reached skill level 4 in Axes
   294 | D:2      | Found a blossoming altar of Fedhas.
   297 | D:2      | Reached XP level 2. HP: 25/27 MP: 1/1
   669 | D:2      | Found an opulent altar of Gozag.
   722 | D:3      | Noticed Terence
   904 | D:3      | Reached XP level 3. HP: 31/33 MP: 2/2
   912 | D:3      | Reached ** piety under Trog
   919 | D:3      | Killed Terence
   920 | D:3      | Reached XP level 4. HP: 13/40 MP: 3/3
   926 | D:3      | Reached skill level 1 in Throwing
   936 | D:3      | HP: 2/41 [orc/flail (4)]
  1189 | D:3      | Noticed Grinder
  1196 | D:3      | Paralysed by Grinder for 6 turns
  1199 | D:3      | Slain by Grinder

Action                   |  1- 3 |  4- 6 || total
-------------------------+-------+-------++-------
Melee: Hand axe          |    53 |    19 ||    72
Throw: Tomahawk          |     2 |       ||     2
Invok: Berserk           |     1 |       ||     1
       Trog's Hand       |       |     1 ||     1
  Eat: Meat ration       |       |     1 ||     1
